[ AOE2 MATCH · #513892578 ]
UnrankedVietnamese vs Jurchens
Rival team · LOSS
[ REPLAY ANALYSIS · EXTRACTED FROM THE RECORDED GAME ]
Feudal
10:56
Castle
22:11
Imperial
39:32
| APM avg | 67.2 |
| APM peak | 106 |
| eAPM avg | 26.6 |
| Villagers / military | 138 / 98 |
Focus
⚔️ 43.3% · 🌾 56.7%
Cavalry Archer ×77 · Archer ×9 · Mangonel ×4 · Militia ×3 · Scout Cavalry ×2 · Scorpion ×1
Feudal
8:29
Castle
20:45
Imperial
—
| APM avg | 60.1 |
| APM peak | 101 |
| eAPM avg | 25.4 |
| Villagers / military | 140 / 121 |
Focus
⚔️ 34.5% · 🌾 65.5%
Cavalry Archer ×57 · Steppe Lancer ×53 · Scout Cavalry ×4 · Skirmisher ×3 · Militia ×2 · Spearman ×2
Match map
Initial resources + every placement click. Lines = walls · curves = elevation contours. ◆ gold · ⬟ stone · ● berries · ✦ relic · ◌ wall gap
Your base· ✓ Closed at 22:11 · 48t walls · 2 gate(s)
beser15's base· Open — 1t gap
Smoothed initial terrain · ◌ = detected wall gap · hover for details
Inputs per minute
— stag11 - - beser15
Build order — stag11
First 150 of 370 actions detected
| 0:00 | Queue | Villager (Male) |
| 0:02 | Build | House |
| 0:04 | Build | House |
| 0:10 | Queue | Villager (Male) |
| 0:12 | Queue | Villager (Male) |
| 0:13 | Queue | Villager (Male) |
| 1:25 | Queue | Villager (Male) |
| 1:29 | Build | Lumber Camp |
| 2:00 | Queue | Villager (Male) |
| 2:25 | Queue | Villager (Male) |
| 2:52 | Queue | Villager (Male) |
| 3:18 | Queue | Villager (Male) |
| 3:19 | Queue | Villager (Male) |
| 3:46 | Queue | Villager (Male) |
| 3:50 | Build | House |
| 4:09 | Queue | Villager (Male) |
| 4:16 | Build | Barracks |
| 4:25 | Queue | Villager (Male) |
| 5:00 | Queue | Villager (Male) |
| 5:02 | Build | House |
| 5:17 | Queue | Militia |
| 5:17 | Queue | Militia |
| 5:21 | Queue | Villager (Male) |
| 5:44 | Queue | Militia |
| 5:46 | Build | House |
| 6:03 | Build | Mill |
| 6:03 | Queue | Villager (Male) |
| 6:14 | Queue | Villager (Male) |
| 6:17 | Build | Palisade Wall |
| 6:55 | Queue | Villager (Male) |
| 7:05 | Queue | Villager (Male) |
| 7:45 | Research | Loom |
| 8:16 | Queue | Villager (Male) |
| 8:22 | Build | House |
| 8:24 | Build | Palisade Wall |
| 8:46 | Research | Feudal Age |
| 8:47 | Research | Feudal Age |
| 9:03 | Build | Palisade Gate |
| 9:04 | Build | House |
| 10:06 | Build | Palisade Wall |
| 10:07 | Queue | Villager (Male) |
| 10:10 | Build | Mining Camp |
| 10:18 | Build | Palisade Wall |
| 10:21 | Queue | Villager (Male) |
| 10:24 | Build | Palisade Wall |
| 10:24 | Queue | Villager (Male) |
| 10:28 | Build | House |
| 10:28 | Queue | Villager (Male) |
| 10:56 | Age | Feudal Age |
| 11:02 | Build | Archery Range |
| 11:03 | Queue | Villager (Male) |
| 11:12 | Build | Blacksmith |
| 11:20 | Research | Double-Bit Axe |
| 11:42 | Queue | Villager (Male) |
| 11:52 | Queue | Spearman |
| 11:58 | Queue | Archer |
| 12:09 | Queue | Villager (Male) |
| 12:22 | Queue | Villager (Male) |
| 12:26 | Build | House |
| 12:26 | Queue | Archer |
| 12:57 | Queue | Villager (Male) |
| 13:10 | Build | Palisade Wall |
| 13:23 | Queue | Villager (Male) |
| 13:31 | Queue | Villager (Male) |
| 13:40 | Queue | Archer |
| 13:43 | Build | Farm |
| 13:49 | Build | Farm |
| 13:49 | Build | Farm |
| 13:49 | Build | Farm |
| 13:50 | Build | Farm |
| 13:50 | Build | Farm |
| 14:05 | Queue | Villager (Male) |
| 14:06 | Queue | Villager (Male) |
| 14:09 | Build | Farm |
| 14:11 | Build | Farm |
| 14:11 | Build | Farm |
| 14:17 | Queue | Archer |
| 14:22 | Build | Farm |
| 14:39 | Build | Farm |
| 14:40 | Build | Farm |
| 14:40 | Build | Farm |
| 14:40 | Build | Farm |
| 14:44 | Queue | Villager (Male) |
| 14:52 | Queue | Archer |
| 14:54 | Queue | Villager (Male) |
| 14:58 | Build | House |
| 15:02 | Build | Farm |
| 15:21 | Queue | Villager (Male) |
| 15:28 | Queue | Villager (Male) |
| 15:31 | Queue | Villager (Male) |
| 15:45 | Build | Stable |
| 15:47 | Queue | Villager (Male) |
| 15:49 | Queue | Villager (Male) |
| 15:53 | Queue | Villager (Male) |
| 15:56 | Queue | Villager (Male) |
| 15:59 | Build | Farm |
| 15:59 | Queue | Villager (Male) |
| 16:10 | Queue | Villager (Male) |
| 16:12 | Build | Farm |
| 16:12 | Queue | Villager (Male) |
| 16:19 | Queue | Archer |
| 16:22 | Queue | Villager (Male) |
| 16:42 | Queue | Scout Cavalry |
| 16:45 | Build | Farm |
| 16:45 | Build | Farm |
| 16:48 | Research | Wheelbarrow |
| 16:56 | Queue | Villager (Male) |
| 16:59 | Build | House |
| 17:11 | Build | Farm |
| 17:26 | Build | Palisade Gate |
| 17:27 | Queue | Villager (Male) |
| 17:29 | Build | House |
| 17:29 | Queue | Villager (Male) |
| 17:32 | Build | House |
| 17:32 | Queue | Villager (Male) |
| 17:42 | Queue | Villager (Male) |
| 17:45 | Queue | Scout Cavalry |
| 17:52 | Queue | Villager (Male) |
| 17:55 | Queue | Villager (Male) |
| 18:33 | Queue | Villager (Male) |
| 18:48 | Build | Farm |
| 18:48 | Build | Farm |
| 18:56 | Build | Market |
| 18:56 | Queue | Villager (Male) |
| 19:31 | Research | Castle Age |
| 19:31 | Research | Castle Age |
| 19:47 | Build | Lumber Camp |
| 20:00 | Research | Fletching |
| 20:15 | Build | Lumber Camp |
| 20:50 | Build | Archery Range |
| 21:14 | Research | Padded Archer Armor |
| 21:16 | Research | Bloodlines |
| 22:11 | Age | Castle Age |
| 22:14 | Queue | Cavalry Archer |
| 22:14 | Queue | Cavalry Archer |
| 22:15 | Queue | Villager (Male) |
| 22:19 | Queue | Villager (Male) |
| 22:21 | Queue | Archer |
| 22:21 | Queue | Archer |
| 22:24 | Research | Bow Saw |
| 22:29 | Research | Bodkin Arrow |
| 22:39 | Queue | Cavalry Archer |
| 22:42 | Build | Farm |
| 22:46 | Build | Farm |
| 22:47 | Build | House |
| 22:48 | Queue | Villager (Male) |
| 22:54 | Build | House |
| 22:54 | Queue | Villager (Male) |
| 22:59 | Queue | Cavalry Archer |
| 22:59 | Queue | Cavalry Archer |
Build order — beser15
First 150 of 412 actions detected
| 0:00 | Queue | Villager (Male) |
| 0:01 | Queue | Villager (Male) |
| 0:01 | Queue | Villager (Male) |
| 0:02 | Build | House |
| 0:04 | Build | House |
| 0:08 | Build | House |
| 0:11 | Queue | Villager (Male) |
| 1:25 | Queue | Villager (Male) |
| 1:35 | Queue | Villager (Male) |
| 2:09 | Queue | Villager (Male) |
| 2:20 | Queue | Villager (Male) |
| 2:35 | Build | Lumber Camp |
| 3:02 | Queue | Villager (Male) |
| 3:29 | Queue | Villager (Male) |
| 3:29 | Queue | Villager (Male) |
| 3:45 | Build | House |
| 4:12 | Queue | Villager (Male) |
| 4:16 | Queue | Villager (Male) |
| 4:16 | Queue | Villager (Male) |
| 4:17 | Queue | Villager (Male) |
| 4:33 | Queue | Villager (Male) |
| 4:33 | Queue | Villager (Male) |
| 4:44 | Queue | Villager (Male) |
| 5:11 | Build | Mill |
| 6:19 | Research | Feudal Age |
| 7:10 | Build | Barracks |
| 7:15 | Build | House |
| 7:58 | Build | House |
| 8:00 | Build | House |
| 8:07 | Build | House |
| 8:29 | Age | Feudal Age |
| 8:34 | Queue | Villager (Male) |
| 8:49 | Build | Stable |
| 8:54 | Queue | Militia |
| 8:54 | Queue | Militia |
| 9:09 | Queue | Villager (Male) |
| 9:16 | Research | Double-Bit Axe |
| 9:25 | Queue | Spearman |
| 9:27 | Queue | Scout Cavalry |
| 9:28 | Queue | Scout Cavalry |
| 9:52 | Queue | Villager (Male) |
| 10:11 | Queue | Scout Cavalry |
| 10:11 | Queue | Scout Cavalry |
| 10:22 | Build | Farm |
| 10:23 | Build | Farm |
| 10:26 | Build | Farm |
| 10:26 | Build | Farm |
| 10:37 | Queue | Villager (Male) |
| 10:37 | Queue | Villager (Male) |
| 10:43 | Build | Farm |
| 11:06 | Build | Farm |
| 11:07 | Queue | Villager (Male) |
| 11:07 | Queue | Villager (Male) |
| 11:24 | Queue | Villager (Male) |
| 11:24 | Queue | Villager (Male) |
| 11:28 | Build | Farm |
| 11:45 | Queue | Villager (Male) |
| 11:46 | Queue | Villager (Male) |
| 11:52 | Queue | Villager (Male) |
| 11:53 | Queue | Villager (Male) |
| 11:55 | Build | Farm |
| 11:58 | Build | Farm |
| 12:16 | Queue | Villager (Male) |
| 12:21 | Build | Farm |
| 12:21 | Queue | Villager (Male) |
| 12:22 | Queue | Villager (Male) |
| 12:30 | Queue | Villager (Male) |
| 12:38 | Research | Loom |
| 12:59 | Queue | Villager (Male) |
| 13:02 | Build | Archery Range |
| 13:27 | Queue | Villager (Male) |
| 13:31 | Build | House |
| 13:31 | Build | House |
| 13:46 | Build | House |
| 13:47 | Build | House |
| 13:48 | Build | Palisade Wall |
| 14:12 | Build | Mining Camp |
| 14:12 | Queue | Villager (Male) |
| 14:21 | Build | Blacksmith |
| 14:22 | Build | House |
| 14:26 | Build | Palisade Wall |
| 14:30 | Queue | Villager (Male) |
| 14:40 | Queue | Skirmisher |
| 15:09 | Queue | Skirmisher |
| 15:22 | Build | House |
| 15:23 | Build | House |
| 15:34 | Build | Palisade Wall |
| 15:49 | Queue | Villager (Male) |
| 15:50 | Queue | Skirmisher |
| 16:05 | Build | House |
| 16:05 | Build | House |
| 16:13 | Build | Market |
| 16:34 | Queue | Villager (Male) |
| 17:02 | Queue | Villager (Male) |
| 18:00 | Queue | Villager (Male) |
| 18:02 | Build | Stable |
| 18:05 | Research | Castle Age |
| 18:05 | Research | Castle Age |
| 18:52 | Build | Palisade Wall |
| 18:57 | Queue | Spearman |
| 19:08 | Build | Stable |
| 19:11 | Research | Horse Collar |
| 19:13 | Research | Bloodlines |
| 19:23 | Build | House |
| 19:25 | Build | Palisade Wall |
| 19:27 | Build | Farm |
| 19:41 | Research | Scale Barding Armor |
| 19:51 | Build | House |
| 19:56 | Build | Lumber Camp |
| 19:58 | Build | Farm |
| 19:59 | Build | Farm |
| 20:00 | Build | Farm |
| 20:04 | Build | Farm |
| 20:45 | Age | Castle Age |
| 20:54 | Build | Town Center |
| 20:57 | Queue | Steppe Lancer |
| 20:58 | Queue | Steppe Lancer |
| 20:58 | Queue | Steppe Lancer |
| 21:00 | Research | Husbandry |
| 21:00 | Queue | Villager (Male) |
| 21:00 | Queue | Villager (Male) |
| 21:11 | Queue | Villager (Male) |
| 21:26 | Queue | Steppe Lancer |
| 21:26 | Queue | Steppe Lancer |
| 21:38 | Queue | Villager (Male) |
| 21:51 | Queue | Villager (Male) |
| 21:57 | Build | Farm |
| 21:59 | Build | Farm |
| 21:59 | Build | Farm |
| 22:00 | Build | Farm |
| 22:04 | Build | Farm |
| 22:06 | Queue | Villager (Male) |
| 22:06 | Queue | Villager (Male) |
| 22:12 | Queue | Villager (Male) |
| 22:25 | Queue | Steppe Lancer |
| 22:25 | Queue | Steppe Lancer |
| 22:36 | Queue | Steppe Lancer |
| 22:36 | Queue | Steppe Lancer |
| 22:37 | Queue | Steppe Lancer |
| 22:51 | Queue | Villager (Male) |
| 22:51 | Queue | Villager (Male) |
| 23:02 | Queue | Villager (Male) |
| 23:02 | Queue | Villager (Male) |
| 23:17 | Queue | Villager (Male) |
| 23:17 | Queue | Villager (Male) |
| 23:29 | Queue | Villager (Male) |
| 23:34 | Queue | Steppe Lancer |
| 23:35 | Queue | Steppe Lancer |
| 23:42 | Build | Farm |
| 23:46 | Build | Farm |
Match timeline
| 4:16 | stag11 · first_building Barracks |
| 6:17 | stag11 · wall_segment Palisade Wall x11 |
| 7:10 | beser15 · first_building Barracks |
| 8:24 | stag11 · wall_segment Palisade Wall x15 |
| 8:29 | beser15 · age_up feudal |
| 8:49 | beser15 · first_building Stable |
| 10:06 | stag11 · wall_segment Palisade Wall x11 |
| 10:18 | stag11 · wall_segment Palisade Wall x10 |
| 10:24 | stag11 · wall_segment Palisade Wall x1 |
| 10:56 | stag11 · age_up feudal |
| 11:02 | stag11 · first_building Archery Range |
| 13:02 | beser15 · first_building Archery Range |
| 13:10 | stag11 · wall_segment Palisade Wall x1 |
| 13:48 | beser15 · wall_segment Palisade Wall x3 |
| 14:26 | beser15 · wall_segment Palisade Wall x2 |
| 15:34 | beser15 · wall_segment Palisade Wall x1 |
| 15:45 | stag11 · first_building Stable |
| 18:52 | beser15 · wall_segment Palisade Wall x1 |
| 19:25 | beser15 · wall_segment Palisade Wall x1 |
| 20:45 | beser15 · age_up castle |
| 22:11 | stag11 · age_up castle |
| 22:35 | beser15 · first_market_buy 100 food |
| 24:05 | beser15 · wall_segment Palisade Wall x1 |
| 26:22 | stag11 · first_building Siege Workshop |
| 26:35 | stag11 · wall_segment Palisade Wall x1 |
| 26:43 | stag11 · wall_segment Palisade Wall x1 |
| 28:16 | stag11 · first_market_sell 100 wood |
| 29:58 | beser15 · first_market_sell 100 food |
| 37:08 | stag11 · wall_segment Stone Wall x18 |
| 38:14 | stag11 · wall_segment Stone Wall x1 |
| 39:32 | stag11 · age_up imperial |
| 40:56 | beser15 · resign |
[ AI ANALYSIS · 1 CREDIT ]
What really happened in this match?
Wolo.gg analyzes every decision: build order, eco, micro, common mistakes by bracket. Personalized analysis on WhatsApp or Discord in 30 seconds.
Civ guide
Vietnamese
Perfil
Jugador #2094048